 Dungeon Crawl Stone Soup version 0.29-a0-791-ga0f254aafb (webtiles) character file.

Game seed: 1274810125615962532

382 Morbidden the Ruffian (level 6, -1/59 HPs)
             Began as a Troll Brigand on July 3, 2022.
             Slain by an orc
             ... wielding a +0 trident
              (8 damage)
             ... on level 4 of the Dungeon.
             The game lasted 00:03:48 (2826 turns).

Morbidden the Ruffian (Troll Brigand)               Turns: 2826, Time: 00:03:48

Health: -1/59      AC:  5    Str: 20    XL:     6   Next: 47%
Magic:  5/5        EV: 14    Int:  7    God:
Gold:   214        SH:  0    Dex: 13    Spells: 5/5 levels left

rFire   . . .      SeeInvis .     - Unarmed
rCold   . . .      Faith    .   (no shield)
rNeg    . . .      Spirit   .   b - +0 robe
rPois   .          Reflect  .   (helmet restricted)
rElec   .          Harm     .   c - +0 cloak
rCorr   .          Rampage  .   (gloves unavailable)
Will    .....                   (boots unavailable)
Stlth   ++........              (no amulet)
HPRegen 0.99/turn               o - +4 ring of evasion
MPRegen 0.09/turn               (no ring)

@: lethally poisoned (-1 -> -4), slowed, very slow
A: large, unfitting armour, claws 3, regeneration 1, shaggy fur 1, tough skin 1
a: no special abilities


You were on level 4 of the Dungeon.
You visited 1 branch of the dungeon, and saw 4 of its levels.

You collected 214 gold pieces.

Inventory:

Missiles
 d - 9 poisoned darts (quivered)
 e - 3 curare-tipped darts
Armour
 b - a +0 robe (worn)
 c - a +0 cloak (worn)
Jewellery
 j - a ring of ice
 o - a +4 ring of evasion (left claw)
Wands
 m - a wand of charming (3)
Scrolls
 a - 4 scrolls of identify {unknown}
 f - 3 scrolls of enchant weapon {unknown}
 g - a scroll of blinking {unknown}
 h - 2 scrolls of fog {unknown}
 k - a scroll of teleportation {unknown}
 p - a scroll of noise {unknown}
Potions
 i - a potion of flight {unknown}
 l - a potion of degeneration {unknown}
 n - a potion of heal wounds


   Skills:
 * Level 2.4 Fighting
 + Level 1.6 Short Blades
 + Level 2.0 Throwing
 * Level 2.5 Dodging
 + Level 2.7 Stealth
 * Level 4.3 Unarmed Combat


You had 5 spell levels left.
You didn't know any spells.
Your spell library contained the following spells:

 Spells                   Type           Power      Damage    Failure   Level
 Sting                    Tmut/Pois      0%         1d3       43%         1
 Poisonous Vapours        Pois/Air       0%         N/A       56%         2
 Gell's Gravitas          Tloc           0%         N/A       80%         3
 Lesser Beckoning         Tloc           0%         N/A       80%         3
 Teleport Other           Tloc           0%         N/A       80%         3
 Olgreb's Toxic Radiance  Pois           0%         N/A       99%         4


Dungeon Overview and Level Annotations

Branches:
Dungeon (4/15)
 Temple: D:4-7

Altars:
Nemelex Xobeh


Innate Abilities, Weirdness & Mutations

You are too large for most types of armour.
You have claws for hands.
Your natural rate of healing is unusually fast.
You are covered in fur. (AC +1)
You have tough skin. (AC +1)


Message History

You are too injured to fight recklessly!
Unknown command.
You feel sick.
You feel sick.
There is an open door here.
Things that are here:
a +0 trident; an orc corpse You feel sick.
Things that are here:
a +0 mace; an orc corpse You feel sick.
You are no longer poisoned.
You are too injured to fight recklessly!
You are too injured to fight recklessly!
You are too injured to fight recklessly!
You are too injured to fight recklessly!
Unknown command.
The orc completely misses you. The orc barely misses you. The orc misses you.
Things that are here:
a +0 mace; an orc corpse You claw the orc!
You kill the orc!
The orc hits you from afar with a +0 trident.
The kobold brigand throws a curare-tipped dart.
The curare-tipped dart hits you.
You are poisoned.
You have difficulty breathing.
You feel as though you will be slow longer.
The orc barely misses you.
You feel very sick. The kobold brigand misses you.
The orc hits you with a +0 trident!
* * * LOW HITPOINT WARNING * * *
The kobold brigand misses you.
There is an open door, spattered with blood here.
Things that are here:
a +0 hand axe; a +0 trident; an orc corpse You barely miss the orc.
You feel very sick. The orc hits you with a +0 trident!
You die...

≈≈≈.....≈≈≈≈≈≈≈≈≈≈≈
≈≈≈≈....≈≈≈≈≈≈≈≈≈≈≈
≈≈.......≈≈≈≈≈≈≈≈≈≈
...................
...................
.........(.........
............)......
##.....K###)######+#
#.....o@).(..'....#
#......#.....#....+
#......#.....#....#
#......##+#####'###
....##+## ##...##
.... #.....# ...
#[....# #.....#
#.....#


You could see a kobold brigand and an orc.

Vanquished Creatures
  An orc priest (D:4)
  Ijyb (D:3)
  Natasha (thrice) (D:2)
  Jessica (D:3)
  Terence (D:2)
  Robin (D:3)
  3 gnolls (D:3)
  6 adders
  An ufetubus (D:2)
  2 worms
  3 dart slugs
  8 orcs
  3 ball pythons
  3 endoplasms
  3 giant cockroaches
  6 goblins
  9 hobgoblins
  4 jackals (D:1)
  2 quokkas (D:1)
  6 bats
  7 frilled lizards
  10 kobolds
  4 rats
88 creatures vanquished.

Vanquished Creatures (others)
  A demonic plant (D:1)
  2 withered plants (D:1)
3 creatures vanquished.

Grand Total: 91 creatures vanquished

Notes
Turn   | Place    | Note
-------+----------+-------------------------------------------
     0 | D:1      | Morbidden the Troll Brigand began the quest for the Orb.
     0 | D:1      | Reached XP level 1. HP: 19/19 MP: 0/0
    81 | D:1      | Reached XP level 2. HP: 28/28 MP: 1/1
   170 | D:1      | Found a faded altar of an unknown god.
   346 | D:1      | Reached skill level 1 in Unarmed Combat
   431 | D:1      | Reached skill level 1 in Dodging
   720 | D:2      | Reached XP level 3. HP: 35/35 MP: 2/2
   808 | D:2      | Noticed Natasha
   817 | D:2      | Killed Natasha
   969 | D:2      | Reached skill level 2 in Unarmed Combat
  1020 | D:2      | Reached XP level 4. HP: 38/42 MP: 3/3
  1052 | D:2      | Noticed Terence
  1072 | D:2      | Killed Terence
  1306 | D:2      | Found a sparkling altar of Nemelex Xobeh.
  1369 | D:2      | Noticed Natasha
  1399 | D:2      | HP: 2/42 [poisoned by an adder]
  1411 | D:2      | Killed Natasha
  1412 | D:2      | Reached XP level 5. HP: 15/49 MP: 4/4
  1546 | D:2      | Noticed Natasha
  1555 | D:2      | Killed Natasha
  1556 | D:2      | Reached skill level 3 in Unarmed Combat
  1782 | D:3      | Noticed Ijyb
  1802 | D:3      | Killed Ijyb
  1877 | D:3      | Noticed Robin
  1882 | D:3      | Killed Robin
  2141 | D:3      | Noticed Jessica
  2150 | D:3      | Killed Jessica
  2151 | D:3      | Reached XP level 6. HP: 58/58 MP: 5/5
  2590 | D:3      | Reached skill level 4 in Unarmed Combat
  2826 | D:4      | Slain by an orc

Illustrated notes

Levels and vault maps discovered:
D:1:      eino_arrival_water_star, layout_loops_ring,
          shapermc_ecumenical_altar_gd
D:2:      layout_loops_corners, basic_altar, minmay_tromino_mix6, uniq_terence,
          uniq_natasha
D:3:      layout_basic, uniq_robin, uniq_jessica, uniq_ijyb
D:4:      minmay_goblin_kobold_castle, layout_gridville, serial_shops,
          nicolae_stop_n_shop_1, minmay_manual_moon, uniq_blork_the_orc

Skill      XL: |  1  2  3  4  5  6 |
---------------+-------------------+-----
Unarmed Combat | 1 2 3 4 |  4.3
Dodging        | 1 2 |  2.5
Fighting       | 2 |  2.4
Throwing       | 2 |  2.0
Short Blades   | |  1.6
Stealth        | |  2.7

Action                   |  1- 3 |  4- 6 || total
-------------------------+-------+-------++-------
Melee: Unarmed           |   124 |   180 ||   304
       Punch             |     2 |     3 ||     5
Throw: Dart              |       |    11 ||    11
  Use: Potion            |     1 |     1 ||     2
 Stab: Sleeping          |     4 |     6 ||    10
Armor: Robe              |    44 |    73 ||   117
Dodge: Dodged            |    62 |   145 ||   207

Table legend: (Time is in decaauts)
 A = Elapsed time spent in this place.
 B = Non-inter-level travel time spent in this place.
 C = Inter-level travel time spent in this place.
 D = Time resting spent in this place.
 E = Time spent auto-exploring this place.
 F = Levels seen in this place.
 G = Mean time per level.
                   A        B        C        D        E       F      G
               +--------+--------+--------+--------+--------+-----+--------+
         Total |   2837 |   2789 |     48 |     61 |   2032 |   4 |  709.2 |
       Dungeon |   2837 |   2789 |     48 |     61 |   2032 |   4 |  709.2 |
               +--------+--------+--------+--------+--------+-----+--------+

Top non-repeatable levels by time:
     D:3: 1066 daAuts
     D:2: 988 daAuts
     D:1: 713 daAuts
     D:4: 69 daAuts
